Cogmind - Beta 14 @@@ ROGUE MODE // 2024.11.21 @ 16:43:42 Player: TheTravelingGuy Result: Destroyed by G-47 Trooper with Particle Gun Performance ------------- Evolutions (0) 0 Regions Visited (1) 200 Robots Destroyed (11) 55 Value Destroyed (214) 214 Prototype IDs (2) 40 Alien Tech Used (0) 0 Bonus (0) 0 TOTAL SCORE: 509 Bonus ------- None Cogmind --------- Core Integrity 0/250 Matter 245/300 Energy 100/100 System Corruption 8% Temperature Cool (9) Movement Core (200) Ox3 Location -10/Materials Parts ------- > --- POWER (1) -------- (None) > --- PROPULSION (2) --- (None) > --- UTILITY (2) ------ Medium Storage Unit > --- WEAPON (2) ------- (None) > --- INVENTORY (10) --- Wheel Wheel Light Assault Rifle Peak State ------------ > --- POWER ------------ Light Ion Engine > --- PROPULSION ------- Light Treads Light Treads > --- UTILITY ---------- Heat Sink Huge Storage Unit > --- WEAPON ----------- Grenade Launcher Datajack > --- INVENTORY -------- Light Ion Engine Small Storage Unit Medium Laser Light Assault Rifle [Rating: 7] Favorites ----------- Power Light Ion Engine Engine Light Ion Engine Propulsion Light Treads Treads Light Treads Utility Heat Sink Device Heat Sink Storage Huge Storage Unit Weapon Datajack Energy Gun Medium Laser Launcher Grenade Launcher Special Melee Weapon Datajack Build | -11 -10 ------- Run | Yrd Mat Slots Evolved . | . . Power . | . . Propulsion . | . . Utility . | . . Weapon . | . . Parts Attached 10 | 2 8 Power 2 | . 2 Engine 2 | . 2 Core . | . . Reactor . | . . Propulsion 2 | 2 . Treads 2 | 2 . Leg . | . . Wheel . | . . Hover . | . . Flight . | . . Utility 3 | . 3 Device 1 | . 1 Storage 2 | . 2 Processor . | . . Hackware . | . . Protection . | . . Artifact . | . . Weapon 3 | . 3 Energy Gun 1 | . 1 Energy Cannon . | . . Ballistic Gun . | . . Ballistic Cannon . | . . Launcher 1 | . 1 Special Weapon . | . . Impact Weapon . | . . Slashing Weapon . | . . Piercing Weapon . | . . Special Melee Weapon 1 | . 1 Unidentified Prototypes . | . . Parts Lost 7 | . 7 Power 1 | . 1 Propulsion 2 | . 2 Utility 1 | . 1 Weapon 3 | . 3 Highest Loss Streak 6 | . 6 To Critical Strikes . | . . Average Slot Usage (%) 87 | . 87 Engine 10 | . 10 Treads 25 | . 25 Device 11 | . 11 Storage 14 | . 14 Launcher 11 | . 11 Special Melee Weapon 11 | . 11 Peak Build Rating 7 | 2 7 Average Rating 5 | 1 6 On Entrance 1 | . 2 Naked Turns . | . . Heaviest Build 88 | . 88 Greatest Support 40 | 40 40 Greatest Overweight (x) 3 | . 3 Average Overweight (x) 1 | . 1 Largest Inventory Capacity 25 | 5 25 Average Capacity 19 | 5 21 Most Carried 6 | 5 6 Average Carried 3 | 3 3 Final Capacity 10 | 5 10 Final Carried 5 | 5 3 Class Distribution -------------------- 100% | Mutant Dominant Class ---------------- Mutant | -10/Materials Resources | -11 -10 ----------- Run | Yrd Mat Matter Collected 299 | 203 96 Remotely . | . . Salvage Created 226 | . 226 Parts 28 | . 28 Haulers Intercepted . | . . Recyclers Shooed 1 | . 1 Parts Field Recycled . | . . Retrieved Matter . | . . Parts Self-Destructed . | . . Prevented . | . . Kills | -11 -10 ------- Run | Yrd Mat Combat Hostiles Destroyed 2 | . 2 AOE 2 | . 2 Classes Destroyed 6 | . 6 Worker 2 | . 2 Builder 1 | . 1 Recycler 2 | . 2 Operator 2 | . 2 Watcher 2 | . 2 Grunt 2 | . 2 Best Kill Streak 5 | . 5 Combat Bots Only 2 | . 2 Max Kills in Single Turn 3 | . 3 Gunslinging . | . . Exploded 2 | . 2 Melee . | . . Uniques/NPCs Destroyed . | . . Combat | -11 -10 -------- Run | Yrd Mat Hostile Shots Fired 66 | . 66 Missed 17 | . 17 Damage Taken 925 | . 925 Core 254 | . 254 Absorbed by Shields . | . . Core Remaining (%) 100 | 100 . Volleys Fired 12 | . 12 Largest 1 | . 1 Hottest 50 | . 50 Shots Fired 12 | . 12 Gun 4 | . 4 Cannon . | . . Launcher 8 | . 8 Special . | . . Kinetic . | . . Thermal 4 | . 4 Explosive 8 | . 8 Electromagnetic . | . . Robot Hit Streak 4 | . 4 Robot Miss Streak 2 | . 2 Penetration Max . | . . Secondary Targets . | . . Shots Hit Robots 7 | . 7 Core Hits 17 | . 17 Critical Kills . | . . Critical Parts Destroyed . | . . Critical Strikes . | . . Melee Attacks . | . . Impact . | . . Slashing . | . . Piercing . | . . Sneak Attacks . | . . Combat Hostiles . | . . Follow-up Attacks . | . . Damage Inflicted 639 | . 639 Guns 24 | . 24 Cannons . | . . Explosions 615 | . 615 Melee . | . . Ramming . | . . Kinetic . | . . Thermal 24 | . 24 Explosive 615 | . 615 Electromagnetic . | . . Impact . | . . Slashing . | . . Piercing . | . . Highest Corruption 8 | . 8 Average Corruption 4 | . 4 Corruption Purged . | . . Corruption Blocked . | . . Effects 2 | . 2 Matter Fused 1 | . 1 Heat Flow Errors 1 | . 1 Overload Shots . | . . Overflow Damage . | . . Projectiles . | . . Explosions . | . . Melee . | . . Knockbacks . | . . Impact . | . . Kinetic . | . . Secondary . | . . Self-Inflicted Damage 63 | . 63 Shots 2 | . 2 Rammed . | . . Targets Rammed . | . . Kicked . | . . Crushed . | . . Highest Temperature 326 | . 326 Average Temperature 169 | . 169 Received Heat Transfer 369 | . 369 Siege Activations . | . . Robots Corrupted . | . . Combat Hostiles . | . . Parts Fried . | . . Impact Corruptions . | . . Robots Melted . | . . Combat Hostiles . | . . Parts Melted . | . . Heat Transferred 74 | . 74 Parts Sabotaged . | . . Parts Stolen . | . . Parts Stripped . | . . Power Chain Reactions . | . . Alert | -11 -10 ------- Run | Yrd Mat Peak Influence 210 | . 210 Initial . | . . Average 59 | . 68 Maximum Alert Level 1 | . 1 Low Security (%) 99 | 100 99 Level 1 . | . . Level 2 . | . . Level 3 . | . . Level 4 . | . . Level 5 . | . . High Security . | . . Max Security . | . . Squads Dispatched 1 | . 1 Investigation 1 | . 1 Extermination . | . . Reinforcement . | . . Assault . | . . Garrison . | . . Intercept . | . . Searches Triggered . | . . Construction Impeded . | . . Haulers Reinforced . | . . Active Scanning Responses . | . . Cargo Convoy Interrupts . | . . Stealth | -11 -10 --------- Run | Yrd Mat Distress Signals . | . . Communications Jammed . | . . Distress Signals . | . . Times Spotted 9 | . 9 Peak Tracking Total 4 | . 4 Tactical Retreats . | . . Traps | -11 -10 ------- Run | Yrd Mat Traps Triggered . | . . Indirectly . | . . Trap Hack Attempts . | . . Triggered . | . . Disarmed . | . . Reprogrammed . | . . Reused . | . . Traps Extracted . | . . Installed . | . . Triggered . | . . Machines | -11 -10 ---------- Run | Yrd Mat Machines Disabled 5 | . 5 Max in Single Turn 3 | . 3 Machines Repaired . | . . Machines Dismantled . | . . Machines Sabotaged . | . . Overloaded Fab Kills . | . . Hacking | -11 -10 --------- Run | Yrd Mat Machines Accessed 1 | . 1 Terminals 1 | . 1 Fabricators . | . . Repair Stations . | . . Recycling Units . | . . Scanalyzers . | . . Garrison Access . | . . Total Hacks 3 | . 3 Successful 2 | . 2 Failed 1 | . 1 Catastrophic . | . . Database Lockouts . | . . Manual . | . . Terminals 3 | . 3 Fabricators . | . . Repair Stations . | . . Recycling Units . | . . Scanalyzers . | . . Garrison Access . | . . Terminal Hacks 2 | . 2 Prototype ID Bank 1 | . 1 Hauler Manifests 1 | . 1 Fabricator Hacks . | . . Repair Station Hacks . | . . Recycling Unit Hacks . | . . Scanalyzer . | . . Garrison Access Hacks . | . . Unauthorized Hacks . | . . Terminals . | . . Fabricators . | . . Repair Stations . | . . Recycling Units . | . . Scanalyzers . | . . Garrison Access . | . . Data Cores Recovered . | . . Used . | . . Hacking Detections 1 | . 1 Full Trace Events 1 | . 1 Feedback Events 1 | . 1 Corruption 1 | . 1 Feedback Blocked . | . . Robot Schematics Acquired . | . . Robots Built . | . . Authchips . | . . Time . | . . Total Robot Build Rating . | . . Part Schematics Acquired . | . . Parts Built . | . . Authchips . | . . Time . | . . Total Part Build Rating . | . . Parts Repaired . | . . Time . | . . Parts Recycled . | . . Recycled Matter . | . . Retrieved Matter . | . . Retrieved Components . | . . Parts Scanalyzed . | . . Part Schematics Acquired . | . . Parts Damaged . | . . Bothacking | -11 -10 ------------ Run | Yrd Mat Used RIF Installer . | . . Robots Hacked . | . . Non-combat . | . . Combat . | . . Robot Hacks Applied . | . . Relay Couplers Released . | . . Fabnet Peak Effective % . | . . Robots Rewired . | . . Allies Hacked . | . . Hacks Repelled . | . . Allies | -11 -10 -------- Run | Yrd Mat Total Allies . | . . Largest Group . | . . Highest-Rated Group . | . . Highest-Rated Ally . | . . Total Orders . | . . Ally Attacks . | . . Total Damage . | . . Kills . | . . Allies Corrupted . | . . Allies Melted . | . . Intel | -11 -10 ------- Run | Yrd Mat Robot Analysis Total . | . . Derelict Logs Recovered . | . . Drone Launches . | . . Drone Recoveries . | . . Exploration | -11 -10 ------------- Run | Yrd Mat Turns Passed 475 | 61 414 Spaces Moved 179 | 36 143 Core 6 | 4 2 Treads 173 | 32 141 Legs . | . . Wheels . | . . Hover . | . . Flight . | . . Fastest Speed 50 | 50 160 Average Speed 237 | 147 259 Slowest Speed 320 | 160 320 Overloaded Moves . | . . Propulsion Burnouts . | . . Robots Hopped . | . . Cave-ins Triggered 1 | . 1 Exploration Rate (%) 15 | 5 25 Regions Visited 1 Branch Regions . Pre-discovered Areas . | . . Known Exits Taken . | . . Unknown Exits Taken 1 | 1 . Scrap Searched . | . . Spaces Dug . | . . Terrain Destroyed 28 | . 28 Melee . | . . Projectile . | . . AOE 28 | . 28 Terrain Rammed . | . . Walls Destroyed . | . . Machines Disabled . | . . Actions | -11 -10 --------- Run | Yrd Mat Total 219 | 44 175 Wait 3 | . 3 Move 178 | 35 143 Hop . | . . Pick Up 13 | 7 6 Fast Attach 1 | . 1 Attach 8 | 2 6 Detach . | . . Swap 1 | . 1 Drop 3 | . 3 Fire 12 | . 12 Melee . | . . Ram . | . . Kick . | . . Crush . | . . Escape Stasis . | . . Rewire . | . . Trap . | . . Miscellaneous . | . . Route ------- -11/Scrapyard -10/Materials History --------- Turn | Location | Event 30 | -11/Scrapyard | Discovered new exit (range 15) 62 | -11/Scrapyard | Entered Materials 301 | -10/Materials | Build established: Mutant 412 | -10/Materials | Crushed by falling debris 442 | -10/Materials | Core integrity fell below 50% 467 | -10/Materials | Lost 6 parts (1p1n1u3w) 472 | -10/Materials | Core integrity fell below 20% 476 | -10/Materials | Destroyed by G-47 Trooper with Particle Gun Last Messages --------------- 00412_ Grenade Launcher destroyed. 00412_ System corrupted by crushing effect (+3). 00412_ Lgt. Treads destroyed. 00412_ System corrupted by crushing effect (+2). 00412_ Lgt. Ion Engine destroyed. 00412_ System corrupted by crushing effect (+2). 00417_ R-06 Scavenger collects Structural Scanner. 00418_ The unstable cave ceiling collapses. 00421_ System corrupted: Heat flow error (+278). 00421_ Critical hit (Burn: +37). 00422_ R-06 Scavenger collects Med. Matter Pod. 00423_ Critical hit (Burn: +37). 00425_ Datajack destroyed. 00426_ Med. Laser destroyed. 00436_ Heat Sink destroyed. 00446_ Atomic Centrifuge disabled. 00449_ K-01 Serf cleans the Atomic Centrifuge. 00462_ System corrupted: Matter fused (-9). 00469_ Lgt. Treads destroyed. Map ----- +----------------------------------------------------+ | ?????? ???????????????????? ??????????????????? | | ?????? ?????????????????? ?????????????????? | | ?????# ????????????????? ?????????????????? | | ?????# #?????????????????# #?????????????????? | | ?????# #?????????????????# #?????????????????? | | ?????# #?????????????????# #?????????????????? | | ?????# #?????????????????# #?????????????????? | | ?????# #?????????????????# #?????????????????? | | #+##?# #?????????????????# #?????????????????? | | #?# ##########????????# #?????????????????? | | #?# #????????# #?????????????????? | | #?# ^^^ #?######## #?????????????????? | | ### " ### # #??#######????????? | | T """ # """ # #### #????????? | | !*= """ # """ # #????????? | | =% " + """ + #????????? | | *== #g # #????????? | | %! !#ggg " # #### #????????? | | # %$ ######### " # #??## ########### | | =!##?????## " # #???# # = # | | # "" %! #?????## # #???# # # | | # "" * ##?????## # #???# + # | | # """ #??????##T !# #???# # # | | # #??????##" # #???# ########### | | # #???????# * # #???# #####?????? | | # #???????#####@## #???# #?????? | | # #??????????## #???# #?????? | | # #???????????# #???# #?????? | | ##+#######???????????# #???####+####?????? | | ?????????????????????# #???# #??????? | | ????????????????????? #???# /#??????? | | ?????????????????????#####+##???# ! #??????? | | #+#????????????????????????????????# !/ #??????? | | ???????????????????????????????????# #??????? | | ???????????????????????????????????# #??????? | | ???????????????????????????????????########??????? | | ?????????????????????????????????????????????????? | | ?????????????????????????????????????????????????? | | ?????????????????????????????????????????????????? | | ?????????????????????????????????????????????????? | | | | | | | | | | | | | | | | | | | | | +----------------------------------------------------+ Best States ------------- Heat Dissipation 35 Energy Generation 10 Energy Capacity 125 Matter Stores 283 Matter Capacity 300 Sight Range 16 Terrain Scan Density 10 Evasion (%) 40 Recoil Reduction 2 Item Schematics ----------------- None Robot Schematics ------------------ None Fabricated ------------ Nothing Alien Tech Used ----------------- None Achievements -------------- Unlikely Earthworm Challenges ------------ None Game ------ Seed GrenadeLayeredRigger Manual? 0 Play Time 00:07:23 Cumulative 5.3 hours Start 2024.11.21 @ 16:36:22 End 2024.11.21 @ 16:43:42 Sessions 1 Manual Loads 0 Difficulty Rogue Special Mode None Game No. 8 Rogue 8 Adventurer 0 Explorer 0 Win Type - Total 0 Types 0/0/0/0/0/0/0/0/0 Lore% 7 Gallery% 12 Achievement% 12 Wizard Run 0 Options --------- Layout 1 ASCII 0 Keyboard 0 Movement Mouse Keybinds 0 Fullscreen 2 Font 24/Smallcaps Map View 50x35 Zoom Use 0% Tactical HUD 1 Map Filters NONE Filters NONE Steam 1 RUN: be44aea8-7768-4277-b136-dd99f4896cd7